TOP OF THE 1ST |
Louisville Bats batting - Pitching for Utica Unicorns : RHP Paul Clark
|
Pitching: RHP Paul Clark
|
|
Batting: SHB Martín Medina
|
0-0: Swinging Strike 0-1: Ball 1-1: Foul Ball, location: 2F 1-2: Foul Ball, location: 2F 1-2: Ball 2-2: Fly out, F9 (Flyball, 9LD)
|
Batting: LHB Richard Olvera
|
0-0: Called Strike 0-1: Called Strike 0-2: Ball 1-2: SINGLE (Line Drive, 34D)
|
Batting: LHB Eduardo Gómez
|
0-0: Ball 1-0: Foul Ball, location: 2F 1-1: Called Strike Richard Olvera steals 2nd base 1-2: Ball 2-2: Ground out 4-3 (Groundball, 4) Richard Olvera to third
|
Batting: SHB Dave Henley
|
0-0: Foul Ball, location: 2F 0-1: Swinging Strike 0-2: Ball 1-2: Ball 2-2: Ball 3-2: Strikes out swinging passed ball, reaches first! Richard Olvera scores
|
Batting: RHB Zhong Shui
|
0-0: Ball 1-0: Ball 2-0: Swinging Strike 2-1: Ball 3-1: Fly out, F8 (Flyball, 8LM)
|
Top of the 1st over - 1 run, 1 hit, 0 errors, 1 left on base; Louisville 1 - Utica 0 |
BOTTOM OF THE 1ST |
Utica Unicorns batting - Pitching for Louisville Bats : LHP Ron Huggins
|
Pitching: LHP Ron Huggins
|
|
Batting: RHB John Jones
|
0-0: DOUBLE (Groundball, 5L)
|
Batting: LHB Stan Hickman
|
0-0: Foul Ball, location: 2F 0-1: Foul Ball, location: 2F 0-2: Strikes out looking
|
Batting: RHB Kenny Cole
|
0-0: 2-RUN HOME RUN (Flyball, 7LD), Distance : 359 ft
|
Batting: LHB Pablo Reyes
|
0-0: Ground out 6-3 (Groundball, 6)
|
Batting: RHB Marcos Castillo
|
0-0: Ball 1-0: Swinging Strike 1-1: Ball 2-1: Called Strike 2-2: Ball 3-2: Base on Balls
|
Batting: RHB Morgan Gibbon
|
0-0: Foul Ball, location: 2F 0-1: Ball 1-1: Ball 2-1: Fly out, F9 (Flyball, 9)
|
Bottom of the 1st over - 2 runs, 2 hits, 0 errors, 1 left on base; Louisville 1 - Utica 2 |
TOP OF THE 2ND |
Louisville Bats batting - Pitching for Utica Unicorns : RHP Paul Clark
|
Batting: RHB Mark Arnold
|
0-0: Ball 1-0: Foul Ball, location: 2F 1-1: Ball 2-1: Foul Ball, location: 2F 2-2: Ball 3-2: Base on Balls
|
Batting: LHB Héctor Rentería
|
0-0: Ball 1-0: Ball 2-0: Ball 3-0: Called Strike 3-1: Base on Balls Mark Arnold to second
|
Batting: RHB Danny Campbell
|
0-0: Ball 1-0: Ball 2-0: Called Strike 2-1: Foul Ball, location: 2F 2-2: Ball 3-2: Base on Balls Mark Arnold to third Héctor Rentería to second
|
Batting: LHB Don Soper
|
0-0: Ball 1-0: Fly out, F7 (Flyball, 78M) Runner from 3rd tags up, SCORES, throw made
|
Batting: SHB Martín Medina
|
0-0: Ball 1-0: Fielders Choice at 2nd, 5-4 (Groundball, 56) Héctor Rentería to third
|
Batting: LHB Richard Olvera
|
0-0: Ball 1-0: Ball 2-0: Called Strike 2-1: Ball 3-1: Base on Balls Martín Medina to second
|
Batting: LHB Eduardo Gómez
|
0-0: Ball 1-0: Fly out, F7 (Flyball, 7)
|
Top of the 2nd over - 1 run, 0 hits, 0 errors, 3 left on base; Louisville 2 - Utica 2 |
BOTTOM OF THE 2ND |
Utica Unicorns batting - Pitching for Louisville Bats : LHP Ron Huggins
|
Batting: RHB Justin Geoghegan
|
0-0: Foul Ball, location: 2F 0-1: Ball 1-1: Ball 2-1: DOUBLE (Line Drive, 9LD)
|
Batting: SHB Ralph Robison
|
0-0: Ball 1-0: Ball 2-0: Foul Ball, location: 2F 2-1: Called Strike 2-2: Ball 3-2: Ground out U3 (Groundball, 3) Justin Geoghegan to third
|
Batting: RHB António Magana
|
0-0: Swinging Strike 0-1: Ball 1-1: Ball 2-1: Foul Ball, location: 2F 2-2: Strikes out swinging
|
Batting: RHB John Jones
|
0-0: Called Strike 0-1: Ball 1-1: 2-RUN HOME RUN (Flyball, 78XD), Distance : 425 ft
|
Batting: LHB Stan Hickman
|
0-0: Ball 1-0: Ball 2-0: Swinging Strike 2-1: Ball 3-1: Base on Balls
|
Batting: RHB Kenny Cole
|
0-0: SINGLE (Groundball, 34D) Stan Hickman to second Runner from 2nd tries for 3rd, SAFE, no throw
|
Batting: LHB Pablo Reyes
|
0-0: Ground out 5-3 (Groundball, 56S)
|
Bottom of the 2nd over - 2 runs, 3 hits, 0 errors, 2 left on base; Louisville 2 - Utica 4 |
TOP OF THE 3RD |
Louisville Bats batting - Pitching for Utica Unicorns : RHP Paul Clark
|
Batting: SHB Dave Henley
|
0-0: Called Strike 0-1: Swinging Strike 0-2: Ball 1-2: Strikes out swinging
|
Batting: RHB Zhong Shui
|
0-0: Ball 1-0: Ball 2-0: Ball 3-0: Swinging Strike 3-1: Base on Balls
|
Batting: RHB Mark Arnold
|
0-0: Ball 1-0: Called Strike 1-1: Ball 2-1: Called Strike 2-2: Strikes out swinging Zhong Shui is caught stealing 2nd base Batter strikes out.
|
Top of the 3rd over - 0 runs, 0 hits, 0 errors, 0 left on base; Louisville 2 - Utica 4 |
BOTTOM OF THE 3RD |
Utica Unicorns batting - Pitching for Louisville Bats : LHP Ron Huggins
|
Batting: RHB Marcos Castillo
|
0-0: Ground out U3 (Groundball, 3L)
|
Batting: RHB Morgan Gibbon
|
0-0: Fly out, F6 (Popup, 6)
|
Batting: RHB Justin Geoghegan
|
0-0: Ball 1-0: Called Strike 1-1: Foul Ball, location: 2F 1-2: Foul Ball, location: 2F 1-2: Foul Ball, location: 2F 1-2: Ground out 4-3 (Groundball, 4)
|
Bottom of the 3rd over - 0 runs, 0 hits, 0 errors, 0 left on base; Louisville 2 - Utica 4 |
TOP OF THE 4TH |
Louisville Bats batting - Pitching for Utica Unicorns : RHP Paul Clark
|
Batting: LHB Héctor Rentería
|
0-0: Ball 1-0: Fly out, F7 (Flyball, 78D)
|
Batting: RHB Danny Campbell
|
0-0: Called Strike 0-1: Ball 1-1: Ground out 5-3 (Groundball, 56)
|
Batting: LHB Don Soper
|
0-0: Ball 1-0: Foul Ball, location: 2F 1-1: Ball 2-1: Foul Ball, location: 2F 2-2: Foul Ball, location: 2F 2-2: Ball 3-2: SINGLE (Groundball, 56D)
|
Batting: SHB Martín Medina
|
0-0: Ball 1-0: Swinging Strike 1-1: Fly out, F6 (Line Drive, 6)
|
Top of the 4th over - 0 runs, 1 hit, 0 errors, 1 left on base; Louisville 2 - Utica 4 |
BOTTOM OF THE 4TH |
Utica Unicorns batting - Pitching for Louisville Bats : LHP Ron Huggins
|
Batting: SHB Ralph Robison
|
0-0: Ball 1-0: Called Strike 1-1: Ball 2-1: Called Strike 2-2: Strikes out swinging
|
Batting: RHB António Magana
|
0-0: Ball 1-0: Foul Ball, location: 2F 1-1: Ball 2-1: SINGLE (Line Drive, 8RS)
|
Batting: RHB John Jones
|
0-0: Ball 1-0: SINGLE (Groundball, 34D) António Magana to second Runner from 2nd tries for 3rd, SAFE, no throw
|
Batting: LHB Stan Hickman
|
0-0: Called Strike 0-1: Ball 1-1: Swinging Strike 1-2: Ball 2-2: Foul Ball, location: 2F 2-2: Ball 3-2: Ground out 1-3 (Groundball, 15S) John Jones to second
|
Batting: RHB Kenny Cole
|
0-0: Ball 1-0: DOUBLE (Line Drive, 9LD) António Magana scores John Jones scores
|
Batting: LHB Pablo Reyes
|
0-0: Fly out, F7 (Flyball, 7LD)
|
Bottom of the 4th over - 2 runs, 3 hits, 0 errors, 1 left on base; Louisville 2 - Utica 6 |
TOP OF THE 5TH |
Louisville Bats batting - Pitching for Utica Unicorns : RHP Paul Clark
|
Batting: LHB Richard Olvera
|
0-0: Ball 1-0: Ball 2-0: Ball 3-0: Base on Balls
|
Batting: LHB Eduardo Gómez
|
0-0: Called Strike
|
|
|
|
0-1: Ball 1-1: Foul Ball, location: 2F 1-2: Fly out, F8 (Flyball, 89XD)
|
Pitching: RHP Don Wiggins
|
|
Batting: SHB Dave Henley
|
0-0: Ball Richard Olvera steals 2nd base 1-0: DOUBLE (Line Drive, 7LM) Richard Olvera scores
|
Batting: RHB Zhong Shui
|
0-0: Ball 1-0: Called Strike 1-1: Called Strike 1-2: Strikes out looking
|
Batting: RHB Mark Arnold
|
0-0: Ball 1-0: Foul Ball, location: 2F 1-1: Fly out, F7 (Flyball, 7S)
|
Top of the 5th over - 1 run, 1 hit, 0 errors, 1 left on base; Louisville 3 - Utica 6 |
BOTTOM OF THE 5TH |
Utica Unicorns batting - Pitching for Louisville Bats : LHP Ron Huggins
|
Batting: RHB Marcos Castillo
|
0-0: Foul Ball, location: 2F 0-1: Ball 1-1: Ball 2-1: Ball 3-1: Called Strike 3-2: Foul Ball, location: 2F 3-2: Foul Ball, location: 2F 3-2: SINGLE (Groundball, 4MD)
|
Pitching: RHP Derrick Hall
|
|
Batting: RHB Morgan Gibbon
|
0-0: Called Strike 0-1: SINGLE (Line Drive, 89S) Marcos Castillo to second Runner from 2nd tries for 3rd, OUT!
|
Batting: RHB Justin Geoghegan
|
0-0: Called Strike 0-1: SINGLE (Flyball, 56D) Morgan Gibbon to second
|
Batting: SHB Ralph Robison
|
0-0: Ball 1-0: Foul Ball, location: 2F 1-1: Swinging Strike 1-2: Foul Ball, location: 2F 1-2: Foul Ball, location: 2F 1-2: Ball 2-2: Strikes out swinging
|
Batting: RHB António Magana
|
0-0: Fielders Choice at 2nd, 6-4 (Groundball, 56D)
|
Bottom of the 5th over - 0 runs, 3 hits, 0 errors, 2 left on base; Louisville 3 - Utica 6 |
TOP OF THE 6TH |
Louisville Bats batting - Pitching for Utica Unicorns : RHP Don Wiggins
|
Batting: LHB Héctor Rentería
|
0-0: Ball 1-0: Fly out, F9 (Line Drive, 9)
|
Batting: RHB Danny Campbell
|
0-0: Ball 1-0: Foul Ball, location: 2F 1-1: Fly out, F9 (Line Drive, 89D)
|
Batting: LHB Don Soper
|
0-0: Ball 1-0: Reached on error, E1 (Groundball, 15S)
|
Batting: SHB Martín Medina
|
0-0: Called Strike 0-1: Called Strike 0-2: Ball 1-2: Strikes out swinging
|
Top of the 6th over - 0 runs, 0 hits, 1 error, 1 left on base; Louisville 3 - Utica 6 |
BOTTOM OF THE 6TH |
Utica Unicorns batting - Pitching for Louisville Bats : RHP Derrick Hall
|
Batting: RHB John Jones
|
0-0: Ball 1-0: Ball 2-0: Ball 3-0: Called Strike 3-1: Fly out, F8 (Flyball, 78M)
|
Batting: LHB Stan Hickman
|
0-0: Ball 1-0: Ball 2-0: Ball 3-0: Base on Balls
|
Batting: RHB Kenny Cole
|
0-0: Ball 1-0: Grounds into double play, 5-4-3 (Groundball, 5)
|
Bottom of the 6th over - 0 runs, 0 hits, 0 errors, 0 left on base; Louisville 3 - Utica 6 |
TOP OF THE 7TH |
Louisville Bats batting - Pitching for Utica Unicorns : RHP Don Wiggins
|
Batting: LHB Richard Olvera
|
0-0: Ball 1-0: Foul Ball, location: 2F 1-1: SINGLE (Groundball, 6MD)
|
Batting: LHB Eduardo Gómez
|
0-0: Ball 1-0: Called Strike 1-1: Ball 2-1: Ball 3-1: Foul Ball, location: 2F 3-2: SINGLE (Flyball, 9LS) Richard Olvera to second Runner from 2nd tries for 3rd, SAFE, no throw
|
Batting: SHB Dave Henley
|
0-0: Ball 1-0: Called Strike 1-1: Ball 2-1: Fly out, F5 (Line Drive, 5)
|
Batting: RHB Zhong Shui
|
0-0: Called Strike 0-1: Ball 1-1: Foul Ball, location: 2F 1-2: Fly out, F9 (Flyball, 9S) Runner from 3rd tags up, SCORES, throw made
|
Batting: RHB Mark Arnold
|
0-0: Ball 1-0: Ground out 1-3 (Groundball, 13)
|
Top of the 7th over - 1 run, 2 hits, 0 errors, 1 left on base; Louisville 4 - Utica 6 |
BOTTOM OF THE 7TH |
Utica Unicorns batting - Pitching for Louisville Bats : RHP Derrick Hall
|
Batting: LHB Pablo Reyes
|
0-0: Fly out, F7 (Flyball, 7S)
|
Batting: RHB Marcos Castillo
|
0-0: Ball 1-0: SINGLE (Line Drive, 3)
|
Batting: RHB Morgan Gibbon
|
0-0: Ball 1-0: Ball 2-0: Called Strike 2-1: Grounds into double play, 4-6-3 (Groundball, 34)
|
Bottom of the 7th over - 0 runs, 1 hit, 0 errors, 0 left on base; Louisville 4 - Utica 6 |
TOP OF THE 8TH |
Louisville Bats batting - Pitching for Utica Unicorns : RHP Don Wiggins
|
Batting: LHB Héctor Rentería
|
0-0: Foul Ball, location: 2F 0-1: Foul Ball, location: 2F 0-2: Foul Ball, location: 2F 0-2: Strikes out swinging
|
Batting: RHB Danny Campbell
|
0-0: Called Strike 0-1: Ball 1-1: Swinging Strike 1-2: Strikes out swinging
|
Batting: LHB Don Soper
|
0-0: Called Strike 0-1: Ball 1-1: Ball 2-1: Ball 3-1: Fly out, F9 (Flyball, 89M)
|
Top of the 8th over - 0 runs, 0 hits, 0 errors, 0 left on base; Louisville 4 - Utica 6 |
BOTTOM OF THE 8TH |
Utica Unicorns batting - Pitching for Louisville Bats : RHP Derrick Hall
|
Batting: RHB Justin Geoghegan
|
0-0: Ball 1-0: Ground out 5-3 (Groundball, 56S)
|
Batting: SHB Ralph Robison
|
0-0: Ball 1-0: Ball 2-0: Swinging Strike 2-1: Ball 3-1: Base on Balls
|
Batting: RHB António Magana
|
0-0: Called Strike 0-1: Fly out, F8 (Flyball, 8RD)
|
Batting: RHB John Jones
|
0-0: Ball 1-0: Fielders Choice at 2nd, 6-4 (Groundball, 6)
|
Bottom of the 8th over - 0 runs, 0 hits, 0 errors, 1 left on base; Louisville 4 - Utica 6 |
TOP OF THE 9TH |
Louisville Bats batting - Pitching for Utica Unicorns : RHP Don Wiggins
|
Pitching: RHP Tim Hill
|
|
Batting: SHB Martín Medina
|
0-0: Foul Ball, location: 2F 0-1: Called Strike 0-2: Ball 1-2: Strikes out swinging
|
Batting: LHB Richard Olvera
|
0-0: Fly out, F9 (Flyball, 9S)
|
Batting: LHB Eduardo Gómez
|
0-0: Ball 1-0: Swinging Strike 1-1: SINGLE (Flyball, 89S)
|
Batting: SHB Dave Henley
|
0-0: Ball 1-0: Called Strike 1-1: Fly out, F6 (Line Drive, 6M)
|
Top of the 9th over - 0 runs, 1 hit, 0 errors, 1 left on base; Louisville 4 - Utica 6 |
|
Saturday, April 7th, 2018 - OOTP Baseball 18.8 Build 76
|
|